 Dungeon Crawl Stone Soup version 0.30.1-11-g7821555f0a (webtiles) character file.

Game seed: 12625953641577720485

49 AuftragZ the Gusty (level 3, -7/14 HPs)
             Began as a Felid Air Elementalist on Nov 21, 2023.
             Killed from afar by Sigmund (11 damage)
             ... with a puff of flame
             ... on level 2 of the Dungeon on Nov 22, 2023.
             The game lasted 00:11:58 (2996 turns).

AuftragZ the Gusty (Felid Air Elementalist)         Turns: 2996, Time: 00:11:59

Health: -7/14      AC:  1    Str:  4    XL:     3   Next: 53%
Magic:  1/8        EV: 17    Int: 18    God:
Gold:   30         SH:  0    Dex: 16    Spells: 2/8 levels left
                                        Lives:  0   Deaths: 1

rFire   . . .        (weapon unavailable)
rCold   + . .        (shield unavailable)
rNeg    . . .        (body armour unavailable)
rPois   .            (helmet unavailable)
rElec   .            (cloak unavailable)
rCorr   .            (gloves unavailable)
SInv    +            (boots unavailable)
Will    .....        (no amulet)
Stlth   ++           f - ring of protection from cold
HPRegen 0.22/turn    (no ring)
MPRegen 0.11/turn

%: no passive effects
@: quick
A: very small, claws 1, fangs 3, see invisible, speed 1, shaggy fur 1, stealthy
paws, no weapons or thrown items, no armour, multi-lived
a: no special abilities


You were on level 2 of the Dungeon.
You visited 1 branch of the dungeon, and saw 2 of its levels.

You collected 50 gold pieces.
You spent 20 gold pieces at shops.

Inventory:

Jewellery
 f - a ring of protection from cold (left paw)
 g - a +4 ring of slaying
Scrolls
 c - a scroll of enchant armour {unknown}
Potions
 a - a potion of magic
 b - a potion of haste
 h - a potion of attraction
 k - a potion of lignification


   Skills:
 - Level 2.8 Dodging
 - Level 2.7 Stealth
 * Level 3.2 Spellcasting
 * Level 2.0 Conjurations
 + Level 3.3 Air Magic


You had 2 spell levels left.
You knew the following spells:

 Your Spells              Type           Power      Damage    Failure   Level
a - Shock                 Conj/Air       48%        1d6       5%          1
b - Static Discharge      Conj/Air       24%        2-3/arc   8%          2
c - Swiftness             Air            14%        N/A       12%         3

Your spell library contained the following spells:

 Spells                   Type           Power      Damage    Failure   Level
 Airstrike                Air            7%         2d(1-17)  38%         4
 Volatile Blastmotes      Fire/Tloc      4%         2d10      43%         3
 Fulminant Prism          Conj/Hex       3%         3d5       71%         4
 Iskenderun's Mystic Bla  Conj/Tloc      6%         2d4       71%         4
 Lee's Rapid Deconstruct  Erth           1%         3d4*      99%         5


Dungeon Overview and Level Annotations

Branches:
Dungeon (2/15)

Altars:

Shops:
D:1 ?

Annotations:
D:2 Sigmund


Innate Abilities, Weirdness & Mutations

You have sharp claws.
You have razor-sharp teeth.
You have supernaturally acute eyesight. (SInv)
You cover ground quickly. (Speed+)
You are covered in fur. (AC +1)
Your paws help you pounce on unaware monsters.
You are incapable of wielding weapons or throwing items.
You cannot wear armour.
You gain extra lives every three experience levels.


Message History

Aim: Sigmund, wielding a +2 scythe of flaming and wearing a +0 robe (moderately wounded, 64% to hit)
The zap hits Sigmund.
Sigmund is heavily wounded.
Casting: Shock (safe; 5% risk of failure)
Confirm with . or Enter, or press ? or * to list all spells.
Aiming: Shock (safe; 5% risk of failure)
Press: ? - help, Shift-Dir - straight line, f/p - Sigmund
Aim: Sigmund, wielding a +2 scythe of flaming and wearing a +0 robe (heavily wounded, 64% to hit)
The zap hits Sigmund.
Sigmund is heavily wounded.
Sigmund misses you.
Casting: Shock (safe; 5% risk of failure)
Confirm with . or Enter, or press ? or * to list all spells.
Aiming: Shock (safe; 5% risk of failure)
Press: ? - help, Shift-Dir - straight line, f/p - Sigmund
Aim: Sigmund, wielding a +2 scythe of flaming and wearing a +0 robe (heavily wounded, 64% to hit)
The zap hits Sigmund.
Sigmund is heavily wounded.
Sigmund closely misses you.
Casting: Shock (safe; 5% risk of failure)
Confirm with . or Enter, or press ? or * to list all spells.
Sigmund is struck by an arc of lightning.
Sigmund is severely wounded.
You are struck by an arc of lightning.
Sigmund is struck by an arc of lightning.
Sigmund is severely wounded.
The lightning grounds out.
Sigmund hits you from afar with a +2 scythe of flaming!
Ouch! That really hurt!
* * * LOW HITPOINT WARNING * * *
Sigmund burns you.
* * * LOW HITPOINT WARNING * * *
Sigmund points at you and mumbles some strange words.
You resist with some effort.
Sigmund points at you and mumbles some strange words.
You resist with some effort. Sigmund casts a spell at you.
The puff of flame hits you!
Ouch! That really hurt!
You die...

...# #......#
#.###.....##.
#### #.)...##
#........###.
##.####
##....>.##
#.#########
#.###.##
#.........#
#.# #.#
#########.#
#@# #.. #.#
#.# ####
#.#####@#
#@......#
#########


You could see Sigmund.

Vanquished Creatures
  4 adders (D:2)
  A worm (D:2)
  An orc (D:2)
  4 endoplasms
  2 giant cockroaches (D:1)
  3 goblins
  3 hobgoblins
  2 jackals (D:1)
  7 kobolds
  4 quokkas
  7 ball pythons
  7 bats
  3 frilled lizards
  6 rats
54 creatures vanquished.

Notes
Turn   | Place    | Note
-------+----------+-------------------------------------------
     0 | D:1      | AuftragZ the Felid Air Elementalist began the quest for the
                  | Orb.
     0 | D:1      | Reached XP level 1. HP: 7/7 MP: 4/4
   258 | D:1      | Reached XP level 2. HP: 11/11 MP: 0/6
   533 | D:1      | Reached skill level 1 in Conjurations
   828 | D:1      | Found Acsueriq's Magic Scroll Shop.
   837 | D:1      | Bought a scroll of identify for 20 gold pieces
  1105 | D:1      | Reached XP level 3. HP: 14/14 MP: 2/7
  1262 | D:1      | Learned a level 2 spell: Static Discharge
  1266 | D:1      | Learned a level 3 spell: Swiftness
  1881 | D:2      | Reached XP level 4. HP: 10/18 MP: 1/9
  2479 | D:2      | Noticed Sigmund
  2486 | D:2      | Killed from afar by Sigmund
  2487 | D:2      | Reached XP level 3. HP: -3/14 MP: 3/8
  2996 | D:2      | Killed from afar by Sigmund

Illustrated notes

Levels and vault maps discovered:
D:1:      dpeg_arrival_leaves_temple_mockup, layout_loops_corners, serial_shops,
          shop, minmay_tromino_i4
D:2:      layout_basic, chequers_jeans, minivault_14,
          chequers_serial_rivers_large_b, uniq_sigmund

Skill      XL: |  1  2  3 |
---------------+----------+-----
Air Magic      | 3 |  3.3
Conjurations   | 1 2 |  2.0
Spellcasting   | 3 |  3.2
Dodging        | |  2.8
Stealth        | |  2.7

Action                     |  1- 3 |  4- 6 || total
---------------------------+-------+-------++-------
  Melee: Unarmed           |     5 |       ||     5
         Bite              |     1 |       ||     1
   Cast: Shock             |    94 |    14 ||   108
         Static Discharge  |    13 |     6 ||    19
    Use: Scroll            |     2 |       ||     2
         Potion            |       |     7 ||     7
 Armour: Skin              |     3 |     1 ||     4
  Dodge: Dodged            |    22 |     2 ||    24
